IL
OMAHA STORM CHASERS @ TACOMA RAINIERS
04/04/2048
 
TOP OF THE 1ST
Omaha Storm Chasers batting - Pitching for Tacoma Rainiers : RHP Tyler Rayner
Pitching: RHP Tyler Rayner
Batting: LHB Jim Pankratz 0-0: Ball
1-0: Ball
2-0: Ball
3-0: Called Strike
3-1: Called Strike
3-2: Base on Balls
Batting: RHB Walt Cogswell 0-0: Ball
1-0: Foul Ball, location: 2F
1-1: SINGLE (Groundball, 6S, EV 70.6 MPH) (infield hit)
Jim Pankratz to second
Batting: RHB Ken Postlethwaite 0-0: Ball
1-0: Fly out, F8 (Flyball, 8LM, EV 82.5 MPH)
Batting: RHB Danny Weisse 0-0: Ball
Jim Pankratz is caught stealing 3rd base 2-5
Walt Cogswell to second
1-0: Ball
2-0: Swinging Strike
2-1: Ball
3-1: Base on Balls
Batting: SHB Francisco Gutierrez 0-0: Ball
1-0: Foul Ball, location: 2F
1-1: Foul Ball, location: 2F
1-2: Foul Ball, location: 2F
1-2: Ball
2-2: Ground out 4-3 (Groundball, 34, EV 84.4 MPH)
Top of the 1st over - 0 runs, 1 hit, 0 errors, 2 left on base; Omaha 0 - Tacoma 0
BOTTOM OF THE 1ST
Tacoma Rainiers batting - Pitching for Omaha Storm Chasers : RHP Elijah Lewis
Pitching: RHP Elijah Lewis
Batting: RHB Rick Ellis 0-0: Foul Ball, location: 2F
0-1: Ball
1-1: Called Strike
1-2: Strikes out looking
Batting: LHB Jawad Fahad 0-0: Ball
1-0: Ground out 4-3 (Groundball, 4, EV 90.6 MPH)
Batting: SHB Ray Skogen 0-0: Ball
1-0: Ball
2-0: Foul Ball, location: 2F
2-1: Ground out U3 (Groundball, 3, EV 80.0 MPH)
Bottom of the 1st over - 0 runs, 0 hits, 0 errors, 0 left on base; Omaha 0 - Tacoma 0
TOP OF THE 2ND
Omaha Storm Chasers batting - Pitching for Tacoma Rainiers : RHP Tyler Rayner
Batting: LHB Danny Bailey 0-0: Called Strike
0-1: Ball
1-1: Ball
2-1: SINGLE (Groundball, 4MD, EV 102.5 MPH)
Batting: RHB Yuichi Takata 0-0: Ball
Danny Bailey steals 2nd base
1-0: Ground out 5-3 (Groundball, 56, EV 86.2 MPH)
Batting: RHB Jason Birge 0-0: Ball
1-0: Called Strike
1-1: Ball
2-1: Foul Ball, location: 2F
2-2: Foul Ball, location: 2F
2-2: Strikes out swinging
Batting: LHB Chris Eaker 0-0: Called Strike
0-1: Ground out 6-3 (Groundball, 6, EV 103.8 MPH)
Top of the 2nd over - 0 runs, 1 hit, 0 errors, 1 left on base; Omaha 0 - Tacoma 0
BOTTOM OF THE 2ND
Tacoma Rainiers batting - Pitching for Omaha Storm Chasers : RHP Elijah Lewis
Batting: LHB Ryan Lowe 0-0: Ball
1-0: Foul Ball, location: 2F
1-1: Ball
2-1: Ground out 6-3 (Groundball, 6, EV 90.0 MPH)
Batting: RHB Josh Ruhl 0-0: Called Strike
0-1: Ground out 5-3 (Groundball, 56, EV 85.6 MPH)
Batting: RHB Brad Robidas 0-0: Ground out 4-3 (Groundball, 4, EV 85.0 MPH)
Bottom of the 2nd over - 0 runs, 0 hits, 0 errors, 0 left on base; Omaha 0 - Tacoma 0
TOP OF THE 3RD
Omaha Storm Chasers batting - Pitching for Tacoma Rainiers : RHP Tyler Rayner
Batting: LHB Jim Pankratz 0-0: Ball
1-0: Ball
2-0: Ball
3-0: Base on Balls
Batting: RHB Walt Cogswell 0-0: Ball
1-0: Foul Ball, location: 2F
1-1: Called Strike
1-2: Strikes out swinging
Batting: RHB Ken Postlethwaite 0-0: Ball
1-0: Called Strike
Jim Pankratz steals 2nd base
1-1: Foul Ball, location: 2F
1-2: Foul Ball, location: 2F
1-2: Strikes out looking
Batting: RHB Danny Weisse 0-0: Ball
1-0: SINGLE (Line Drive, 7LS, EV 110.0 MPH)
Jim Pankratz to third
Batting: SHB Francisco Gutierrez 0-0: Fly out, F7 (Flyball, 7, EV 80.6 MPH)
Top of the 3rd over - 0 runs, 1 hit, 0 errors, 2 left on base; Omaha 0 - Tacoma 0
BOTTOM OF THE 3RD
Tacoma Rainiers batting - Pitching for Omaha Storm Chasers : RHP Elijah Lewis
Batting: RHB Max Schellekens 0-0: Ball
1-0: Ground out 5-3 (Groundball, 56, EV 85.6 MPH)
Batting: RHB Steve Martin 0-0: Ball
1-0: Ball
2-0: Ball
3-0: Called Strike
3-1: Called Strike
3-2: Foul Ball, location: 2F
3-2: Foul Ball, location: 2F
3-2: Foul Ball, location: 2F
3-2: Fly out, F9 (Flyball, 89S, EV 77.5 MPH)
Batting: RHB Jeff Cox 0-0: Ball
1-0: DOUBLE (Groundball, 5L, EV 101.2 MPH)
Batting: RHB Rick Ellis 0-0: Called Strike
0-1: Ball
1-1: Fly out, F2 (Popup, 2L, EV 99.4 MPH)
Bottom of the 3rd over - 0 runs, 1 hit, 0 errors, 1 left on base; Omaha 0 - Tacoma 0
TOP OF THE 4TH
Omaha Storm Chasers batting - Pitching for Tacoma Rainiers : RHP Tyler Rayner
Batting: LHB Danny Bailey 0-0: Called Strike
0-1: Ball
1-1: Called Strike
1-2: Ball
2-2: Ball
3-2: Base on Balls
Batting: RHB Yuichi Takata 0-0: Foul Ball, location: 2F
0-1: Called Strike
0-2: Foul Ball, location: 2F
0-2: Ball
1-2: Strikes out swinging
Batting: RHB Jason Birge 0-0: Swinging Strike
0-1: Swinging Strike
0-2: Strikes out swinging
Batting: LHB Chris Eaker 0-0: Called Strike
Danny Bailey steals 2nd base
0-1: Fly out, F7 (Flyball, 7S, EV 85.0 MPH)
Top of the 4th over - 0 runs, 0 hits, 0 errors, 1 left on base; Omaha 0 - Tacoma 0
BOTTOM OF THE 4TH
Tacoma Rainiers batting - Pitching for Omaha Storm Chasers : RHP Elijah Lewis
Batting: LHB Jawad Fahad 0-0: Swinging Strike
0-1: Ball
1-1: Foul Ball, location: 2F
1-2: Foul Ball, location: 2F
1-2: SINGLE (Line Drive, 78S, EV 108.1 MPH)
Batting: SHB Ray Skogen 0-0: Ball
1-0: Ball
2-0: Called Strike
2-1: Foul Ball, location: 2F
2-2: Foul Ball, location: 2F
2-2: Ball
3-2: Base on Balls
Jawad Fahad to second
Pitching: RHP Terry Romaine
Batting: LHB Ryan Lowe 0-0: Called Strike
0-1: Swinging Strike
0-2: Strikes out swinging
Batting: RHB Josh Ruhl 0-0: Ball
1-0: Called Strike
1-1: Foul Ball, location: 2F
1-2: Strikes out swinging
Batting: RHB Brad Robidas 0-0: Ball
1-0: Ball
2-0: Called Strike
2-1: Foul Ball, location: 2F
2-2: Strikes out swinging
Bottom of the 4th over - 0 runs, 1 hit, 0 errors, 2 left on base; Omaha 0 - Tacoma 0
TOP OF THE 5TH
Omaha Storm Chasers batting - Pitching for Tacoma Rainiers : RHP Tyler Rayner
Batting: LHB Jim Pankratz 0-0: Ground out 6-3 (Groundball, 6, EV 78.8 MPH)
Batting: RHB Walt Cogswell 0-0: Called Strike
0-1: Foul Ball, location: 2F
0-2: Ball
1-2: Foul Ball, location: 2F
1-2: Ball
2-2: Ball
3-2: Base on Balls
Batting: RHB Ken Postlethwaite 0-0: Called Strike
0-1: Ball
1-1: Ball
2-1: Fielders Choice at 2nd, 5-4 (Groundball, 5, EV 93.8 MPH)
Batting: RHB Danny Weisse 0-0: Ball
1-0: Ball
2-0: Ball
3-0: Base on Balls
Ken Postlethwaite to second
Batting: SHB Francisco Gutierrez 0-0: Foul Ball, location: 2F
0-1: Ground out 1-3 (Groundball, 13S, EV 70.6 MPH)
Top of the 5th over - 0 runs, 0 hits, 0 errors, 2 left on base; Omaha 0 - Tacoma 0
BOTTOM OF THE 5TH
Tacoma Rainiers batting - Pitching for Omaha Storm Chasers : RHP Terry Romaine
Batting: RHB Max Schellekens 0-0: Ball
1-0: Called Strike
1-1: Ball
2-1: Ground out U3 (Groundball, 34S, EV 85.6 MPH)
Batting: RHB Steve Martin 0-0: Foul Ball, location: 2F
0-1: Ball
1-1: Ball
2-1: Foul Ball, location: 2F
2-2: Reached via error on a dropped throw from 2B, E3 (Groundball, 4, EV 109.4 MPH)
Batting: RHB Jeff Cox 0-0: Ball
1-0: Foul Ball, location: 2F
1-1: Ball
2-1: Fly out, F3 (Line Drive, 3, EV 67.5 MPH)
Batting: RHB Rick Ellis 0-0: Called Strike
Steve Martin steals 2nd base
0-1: SINGLE (Groundball, 6M, EV 98.1 MPH) (infield hit)
Steve Martin to third
Batting: LHB Jawad Fahad 0-0: Ball
1-0: Ball
2-0: Ball
3-0: Called Strike
3-1: Base on Balls
Rick Ellis to second
Batting: SHB Ray Skogen 0-0: Called Strike
0-1: Ball
Wild Pitch!
Steve Martin scores
Rick Ellis to third
Jawad Fahad to second
1-1: Ball
2-1: Swinging Strike
2-2: Strikes out swinging
Bottom of the 5th over - 1 run, 1 hit, 1 error, 2 left on base; Omaha 0 - Tacoma 1
TOP OF THE 6TH
Omaha Storm Chasers batting - Pitching for Tacoma Rainiers : RHP Tyler Rayner
Batting: LHB Danny Bailey 0-0: Ball
1-0: Ball
2-0: Called Strike
2-1: Called Strike
2-2: SINGLE (Groundball, 34S, EV 62.5 MPH) (infield hit)
Pitching: RHP Chris Julien
Batting: RHB Yuichi Takata 0-0: Called Strike
Danny Bailey steals 2nd base
0-1: Foul Ball, location: 2F
0-2: Strikes out swinging
Batting: RHB Jason Birge 0-0: Ball
1-0: Called Strike
1-1: Swinging Strike
1-2: Ball
2-2: Foul Ball, location: 2F
2-2: Strikes out swinging
Batting: LHB Chris Eaker 0-0: Foul Ball, location: 2F
0-1: Ground out 4-3 (Groundball, 4, EV 90.6 MPH)
Top of the 6th over - 0 runs, 1 hit, 0 errors, 1 left on base; Omaha 0 - Tacoma 1
BOTTOM OF THE 6TH
Tacoma Rainiers batting - Pitching for Omaha Storm Chasers : RHP Terry Romaine
Batting: LHB Ryan Lowe 0-0: Ball
1-0: Ball
2-0: Ball
3-0: Called Strike
3-1: Foul Ball, location: 2F
3-2: SOLO HOME RUN (Flyball, 89XD, EV 107.5 MPH), Distance : 446 ft
Pitching: LHP Francisco de la Torre
Batting: RHB Josh Ruhl 0-0: Ball
1-0: Ball
2-0: Foul Ball, location: 2F
2-1: Fly out, F9 (Flyball, 9S, EV 86.9 MPH)
Batting: RHB Brad Robidas 0-0: Ball
1-0: Swinging Strike
1-1: Ball
2-1: Called Strike
2-2: Strikes out swinging
Batting: RHB Max Schellekens 0-0: Called Strike
0-1: Ball
1-1: SINGLE (Groundball, 6MD, EV 95.6 MPH)
Batting: RHB Steve Martin 0-0: Swinging Strike
0-1: Ball
1-1: Foul Ball, location: 2F
1-2: Ball
2-2: Strikes out looking
Bottom of the 6th over - 1 run, 2 hits, 0 errors, 1 left on base; Omaha 0 - Tacoma 2
TOP OF THE 7TH
Omaha Storm Chasers batting - Pitching for Tacoma Rainiers : RHP Chris Julien
Pitching: RHP David Lane
Batting: LHB Jim Pankratz 0-0: Foul Ball, location: 2F
0-1: Ball
1-1: Swinging Strike
1-2: Reached on error, E1 (Groundball, 13S, EV 65.6 MPH)
Batting: RHB Walt Cogswell 0-0: Ball
1-0: Ball
2-0: Ball
3-0: Base on Balls
Batting: RHB Ken Postlethwaite 0-0: Foul Ball, location: 2F
0-1: Ball
Wild Pitch!
Jim Pankratz to third
Walt Cogswell to second
1-1: SINGLE (Line Drive, 78S, EV 106.9 MPH)
Jim Pankratz scores
Walt Cogswell to third
Runner from 3rd tries for Home, SAFE, throw by LF to home
Batting: RHB Danny Weisse 0-0: Called Strike
0-1: Foul Ball, location: 2F
0-2: Ball
1-2: Ball
2-2: Grounds into double play, 6-4-3 (Groundball, 6, EV 76.9 MPH)
Batting: SHB Francisco Gutierrez 0-0: Called Strike
0-1: SINGLE (Groundball, 6MD, EV 98.8 MPH)
Batting: LHB Danny Bailey 0-0: Ball
1-0: Called Strike
1-1: Ball
2-1: Called Strike
2-2: Strikes out swinging
Top of the 7th over - 2 runs, 2 hits, 1 error, 1 left on base; Omaha 2 - Tacoma 2
BOTTOM OF THE 7TH
Tacoma Rainiers batting - Pitching for Omaha Storm Chasers : LHP Francisco de la Torre
Pitching: RHP Matthew Orphan
Batting: RHB Jeff Cox 0-0: Foul Ball, location: 2F
0-1: Ball
1-1: Ball
2-1: Called Strike
2-2: SINGLE (Groundball, 6D, EV 95.6 MPH)
Batting: RHB Rick Ellis 0-0: Ball
1-0: Sac Bunt to 2L - play at first, batter OUT! 2-3
Jeff Cox to second
Batting: LHB Jawad Fahad 0-0: Ball
1-0: Ball
2-0: Called Strike
2-1: Ball
3-1: Base on Balls
Batting: SHB Ray Skogen 0-0: Ball
1-0: Ball
2-0: Foul Ball, location: 2F
2-1: Ball
3-1: Swinging Strike
3-2: Strikes out swinging
Batting: LHB Ryan Lowe 0-0: Ball
1-0: Foul Ball, location: 2F
1-1: DOUBLE (Line Drive, 9LS, EV 100.0 MPH)
Jeff Cox scores
Jawad Fahad to third
Batting: RHB Josh Ruhl 0-0: Fly out, F8 (Flyball, 8RXD, EV 98.8 MPH)
Bottom of the 7th over - 1 run, 2 hits, 0 errors, 2 left on base; Omaha 2 - Tacoma 3
TOP OF THE 8TH
Omaha Storm Chasers batting - Pitching for Tacoma Rainiers : RHP David Lane
Pitching: RHP Jace Daniels
Pinch Hitting: LHB Shigeru Ono 0-0: Foul Ball, location: 2F
0-1: Ball
1-1: Foul Ball, location: 2F
1-2: Ball
2-2: Strikes out swinging
Batting: RHB Jason Birge 0-0: Ball
1-0: Foul Ball, location: 2F
1-1: Ground out 6-3 (Groundball, 56D, EV 101.2 MPH)
Batting: LHB Chris Eaker 0-0: Ball
1-0: Ball
2-0: Ball
3-0: Swinging Strike
3-1: Foul Ball, location: 2F
3-2: Strikes out swinging
Top of the 8th over - 0 runs, 0 hits, 0 errors, 0 left on base; Omaha 2 - Tacoma 3
BOTTOM OF THE 8TH
Tacoma Rainiers batting - Pitching for Omaha Storm Chasers : RHP Matthew Orphan
Pitching: RHP Gan Ts'ong
Now at SS: Arturo Baez
Batting: RHB Brad Robidas 0-0: Called Strike
0-1: Ball
1-1: Foul Ball, location: 2F
1-2: Ball
2-2: Foul Ball, location: 2F
2-2: Ball
3-2: Fly out, F9 (Flyball, 9S, EV 87.5 MPH)
Batting: RHB Max Schellekens 0-0: Ball
1-0: Ball
2-0: Ball
3-0: Base on Balls
Batting: RHB Steve Martin 0-0: Ball
1-0: Foul Ball, location: 2F
1-1: Ground out 5-3 (Groundball, 5, EV 78.8 MPH)
Max Schellekens to second
Batting: RHB Jeff Cox 0-0: Foul Ball, location: 2F
0-1: Foul Ball, location: 2F
0-2: Ball
1-2: Ground out U3 (Groundball, 3, EV 101.9 MPH)
Bottom of the 8th over - 0 runs, 0 hits, 0 errors, 1 left on base; Omaha 2 - Tacoma 3
TOP OF THE 9TH
Omaha Storm Chasers batting - Pitching for Tacoma Rainiers : RHP Jace Daniels
Pitching: LHP Adam Parrish
Pinch Hitting: RHB Taisei Fujii 0-0: Called Strike
0-1: Ball
1-1: Foul Ball, location: 2F
1-2: Foul Ball, location: 2F
1-2: Foul Ball, location: 2F
1-2: Ball
2-2: Fly out, F9 (Flyball, 9D, EV 83.8 MPH)
Batting: RHB Walt Cogswell 0-0: Foul Ball, location: 2F
0-1: Foul Ball, location: 2F
0-2: Ball
1-2: Foul Ball, location: 2F
1-2: Strikes out swinging
Batting: RHB Ken Postlethwaite 0-0: Called Strike
0-1: Called Strike
0-2: Fly out, F9 (Flyball, 9D, EV 96.2 MPH)
Top of the 9th over - 0 runs, 0 hits, 0 errors, 0 left on base; Omaha 2 - Tacoma 3
Tuesday, March 28th , 2023 - OOTP Baseball 23.10 Build 110